 Dungeon Crawl Stone Soup version 0.17-a0-910-ga669010 (console) character file.

2990 sose the Destroyer (level 9, -8/62 HPs)
             Began as a Purple Draconian Conjurer on May 2, 2015.
             Was a Priest of Vehumet.
             Mangled by an orc warrior
             ... wielding a +0 glaive
              (13 damage)
             ... on level 7 of the Dungeon.
             The game lasted 00:21:07 (7086 turns).

sose the Destroyer (Purple Draconian Conjurer)      Turns: 7086, Time: 00:21:08

Health: -8/62      AC:  7    Str: 10    XL:     9   Next: 53%
Magic:  0/19       EV: 12    Int: 24    God:    Vehumet [***...]
Gold:   361        SH:  0    Dex: 11    Spells: 5 memorised, 7 levels left

rFire  . . .     SeeInvis .     l - +1 dagger (drain)
rCold  . . .     Clarity  .     (armour unavailable)
rNeg   . . .     SustAb   .     (no shield)
rPois  +         Gourm    .     (helmet restricted)
rElec  .         Spirit   .     (no cloak)
rCorr  .         Warding  .     (no gloves)
rMut   .         Stasis   .     (no boots)
MR     +....                    (no amulet)
Stlth  ++........               p - ring of poison resistance (curse)
                                B - +4 ring of intelligence

@: somewhat resistant to hostile enchantments, unstealthy
A: breathe power, unfitting armour, cold-blooded, AC +7
a: Breathe Dispelling Energy, Renounce Religion


You were on level 7 of the Dungeon.
You worshipped Vehumet.
Vehumet was most pleased with you.
You were not hungry.

You visited 2 branches of the dungeon, and saw 8 of its levels.
You also visited: Ossuary.

You collected 361 gold pieces.

Inventory:

Hand weapons
 l - a +1 dagger of draining (weapon)
Jewellery
 h - a cursed amulet of guardian spirit
 k - an uncursed ring of fire
 p - a cursed ring of poison resistance (right hand)
 y - a +2 ring of strength
 B - a +4 ring of intelligence (left hand)
Magical devices
 x - a wand of confusion (23)
 A - a wand of flame (37)
Scrolls
 d - 3 scrolls of remove curse
 e - a scroll of fog {unknown}
 g - 5 scrolls of teleportation
 m - 3 scrolls of recharging {unknown}
 n - 2 scrolls of enchant armour {unknown}
 o - 4 scrolls of identify
 q - 2 scrolls of immolation {unknown}
 s - a scroll of amnesia {unknown}
 u - a scroll of enchant weapon {unknown}
 w - 3 scrolls of blinking {unknown}
 D - a scroll of magic mapping {unknown}
 E - 2 scrolls of fear {unknown}
Potions
 b - 2 potions of agility
 f - 2 potions of flight
 i - 3 potions of lignification
 j - 6 potions of might
 r - 5 potions of curing {unknown}
 t - 4 potions of brilliance
 v - a potion of magic {unknown}
 z - a potion of heal wounds {unknown}
 F - a potion of beneficial mutation {unknown}
Books
 a - a book of Conjurations

   Spells                             Type                      Level
   a - Magic Dart                     Conjuration                  1
   b - Searing Ray                    Conjuration                  2
   c - Dazzling Spray                 Conjuration/Hexes            3
   d - Fulminant Prism                Conjuration/Hexes            4
   e - Iskenderun's Mystic Blast      Conjuration                  4
   f - Iskenderun's Battlesphere      Conjuration/Charms           5
 I - a book of Necromancy

   Spells                             Type                      Level
   a - Pain                           Necromancy                   1
   b - Animate Skeleton               Necromancy                   1
   c - Vampiric Draining              Necromancy                   3
   d - Regeneration                   Charms/Necromancy            3
   e - Animate Dead                   Necromancy                   4
   f - Control Undead                 Necromancy                   4
Comestibles
 c - 6 meat rations
 C - 6 bread rations
 G - a beef jerky
 H - 2 chunks of flesh


   Skills:
 - Level 1.7 Dodging
 - Level 1.7 Stealth
 + Level 7.1 Spellcasting
 + Level 9.5 Conjurations
 - Level 8.9 Charms


You had 7 spell levels left.
You knew the following spells:

 Your Spells              Type           Power        Failure   Level  Hunger
a - Magic Dart            Conj           ####         1%          1    None
b - Searing Ray           Conj           ######       1%          2    None
c - Dazzling Spray        Conj/Hex       ####....     1%          3    None
d - Iskenderun's Mystic   Conj           ######..     1%          4    ###....
S - Iskenderun's Battles  Conj/Chrm      ######..     1%          5    #####..


Dungeon Overview and Level Annotations

Branches:
Dungeon (7/15)             Temple (1/1) D:4

Altars:
Ashenzari
Cheibriados
Dithmenos
Elyvilon
Fedhas
Gozag
Kikubaaqudgha
Makhleb
Nemelex Xobeh
Okawaru
Qazlal
Ru
Sif Muna
Trog
Vehumet
Xom
Yredelemnul
Zin
The Shining One

Shops:
D:5 }   D:6 *

Annotations:
D:1 Terence


Innate Abilities, Weirdness & Mutations

You can breathe bolts of dispelling energy.
Your rich purple scales are hard (AC +7).
Your body does not fit into most forms of armour.
You are cold-blooded and may be slowed by cold attacks.


Message History

You hit the orc warrior.
The orc warrior is almost dead.
The orc warrior hits you with a glaive!
* * * LOW HITPOINT WARNING * * *
You barely miss the orc warrior.
The orc warrior is almost dead.
The orc warrior hits you with a glaive!
* * * LOW HITPOINT WARNING * * *
Casting: Magic Dart
Confirm with . or Enter, or press ? or * to list all spells.
Aiming: Magic Dart
Press: ? - help, Shift-Dir - straight line, f/p - orc warrior
Aim: an orc warrior, wielding a glaive and wearing a plate armour (almost dead)
The magic dart hits the orc warrior.
The orc warrior is almost dead.
Your battlesphere fires!
The barrage of energy hits the orc warrior.
The orc warrior is almost dead.
The orc warrior hits you from afar with a glaive!
You die...

#..# #.....#.##.###.###. ##.#
#.....#.....<..รท... #..#
#.....#.##.##....#.
########)####...........#....#.
#.............).........#....#.
######....#######.......#....#.
#....#######.#.#..........
#######....*......###.....
#..@...............#
#..........####....#
#o....[.....# #....#
#.....).....).....# #....#
#.................#####.##
#...)......(............##
#.......####.#....(......#
.......# #.#.###.......#
......# # #. ###.....#


You could see an orc warrior.

Vanquished Creatures
  A troll (D:5)
  A spriggan (D:7)
  Sigmund (D:2)
  A hippogriff (D:7)
  A water moccasin (D:6)
  An orc warrior (D:7)
  Purgy (D:4)
  The ghost of sose the Chucker, an average OgHu (D:3)
  A sky beast (D:5)
  2 centaurs
  3 ogres
  A giant frog (D:6)
  4 scorpions
  2 water moccasin zombies (Ossuary)
  2 killer bees (D:6)
  3 orc priests
  2 goliath beetles (D:6)
  A centaur skeleton (D:6)
  Ijyb (D:2)
  2 giant frog skeletons
  2 hounds (D:6)
  Natasha (thrice) (D:2)
  An iguana (D:5)
  4 orc wizards
  8 worker ants
  2 big kobold zombies (Ossuary)
  2 mummies (Ossuary)
  10 adders
  2 oozes
  5 adder zombies (Ossuary)
  A worm (D:2)
  4 giant geckos
  27 orcs
  4 giant cockroaches
  5 gnoll zombies (Ossuary)
  12 goblins
  13 hobgoblins
  A jackal (D:1)
  3 quokkas
  9 bats
  A giant gecko skeleton (D:6)
  5 giant newts
  4 hobgoblin zombies (Ossuary)
  10 kobolds
  4 kobold zombies (Ossuary)
  4 orc zombies (Ossuary)
  12 rats
190 creatures vanquished.

Notes
Turn   | Place    | Note
--------------------------------------------------------------
     0 | D:1      | sose, the Draconian Conjurer, began the quest for the Orb.
     0 | D:1      | Reached XP level 1. HP: 14/14 MP: 3/3
   330 | D:1      | Reached XP level 2. HP: 20/20 MP: 0/5
   380 | D:1      | Learned a level 2 spell: Searing Ray
  1072 | D:2      | Reached skill level 5 in Conjurations
  1117 | D:2      | Noticed Natasha
  1128 | D:2      | HP: 1/20 [Natasha (2)]
  1129 | D:2      | Noticed Terence
  1129 | D:2      | Killed Natasha
  1129 | D:2      | Reached XP level 3. HP: 1/26 MP: 0/6
  1231 | D:1      | Learned a level 3 spell: Dazzling Spray
  1498 | D:2      | Noticed Natasha
  1508 | D:2      | Killed Natasha
  1508 | D:2      | Reached XP level 4. HP: 26/33 MP: 1/7
  1717 | D:2      | Noticed Sigmund
  1761 | D:2      | Killed Sigmund
  1761 | D:2      | Reached skill level 7 in Conjurations
  1761 | D:2      | Reached XP level 5. HP: 13/38 MP: 1/8
  1970 | D:2      | Noticed Ijyb
  1980 | D:2      | Noticed Natasha
  1983 | D:2      | Killed Ijyb
  1983 | D:2      | Reached XP level 6. HP: 39/45 MP: 3/9
  1986 | D:2      | Killed Natasha
  2400 | D:3      | Noticed sose's ghost (average OgHu)
  2413 | D:3      | Killed sose's ghost
  2413 | D:3      | Reached skill level 8 in Conjurations
  2823 | D:4      | Your scales start taking on a rich purple colour.
  2823 | D:4      | Reached XP level 7. HP: 50/50 MP: 6/12
  3068 | D:4      | Learned a level 4 spell: Iskenderun's Mystic Blast
  3243 | D:4      | Noticed Purgy
  3261 | D:4      | Killed Purgy
  3261 | D:4      | Reached skill level 5 in Spellcasting
  3276 | D:4      | Found a staircase to the Ecumenical Temple.
  3295 | Temple   | Entered the Ecumenical Temple
  3398 | Temple   | Became a worshipper of Vehumet
  3504 | D:4      | Learned a level 5 spell: Iskenderun's Battlesphere
  4041 | D:5      | Entered Level 5 of the Dungeon
  4041 | D:5      | Noticed a troll
  4130 | D:5      | Killed a troll
  4130 | D:5      | Reached XP level 8. HP: 27/57 MP: 5/17
  4452 | D:5      | Found a white marble altar of Elyvilon.
  4743 | D:5      | Found Ades's Gadget Shoppe.
  4821 | D:6      | Found a sand-covered staircase.
  4834 | Ossuary  | Entered an ossuary
  4838 | Ossuary  | Acquired Vehumet's first power
  4838 | Ossuary  | Offered knowledge of Sandblast by Vehumet.
  5095 | Ossuary  | Reached skill level 9 in Conjurations
  5399 | Ossuary  | Offered knowledge of Throw Frost by Vehumet.
  5468 | D:6      | Reached skill level 5 in Charms
  5698 | D:6      | Found a runed door.
  5716 | D:6      | Found a runed door.
  5848 | D:6      | Reached XP level 9. HP: 30/62 MP: 8/18
  6076 | D:6      | Offered knowledge of Throw Flame by Vehumet.
  6198 | D:6      | Found an opulent altar of Gozag.
  6201 | D:6      | Found Gozag's Platinum Reserve.
  6476 | D:6      | Acquired Vehumet's second power
  7086 | D:7      | Mangled by an orc warrior

Action                   |  1- 3 |  4- 6 |  7- 9 || total
-------------------------+-------+-------+-------++-------
Melee: Unarmed           |    59 |       |       ||    59
       Dagger            |       |    25 |    83 ||   108
 Cast: Magic Dart        |    47 |    47 |   163 ||   257
       Searing Ray       |     3 |     9 |    42 ||    54
       Iskenderun's Myst |       |       |    11 ||    11
       Iskenderun's Batt |       |       |     4 ||     4
 Abil: Breathe Dispellin |       |       |     1 ||     1
  Use: Scroll            |       |       |     8 ||     8
  Eat: Chunk             |     1 |     2 |     8 ||    11
       Bread ration      |     1 |       |     1 ||     2
       Royal jelly       |       |       |     1 ||     1
       Pizza             |       |       |     1 ||     1
